 Dungeon Crawl Stone Soup version 0.25-a0-10-g2fe12d4386 (webtiles) character file.

Game seed: 3224480291718212659, levelgen mode: deterministic

44306 Arixos the Fighter (level 13, -7/139 HPs)
             Began as a Demonspawn Gladiator on Oct 15, 2019.
             Was a High Priest of Dithmenos.
             Mangled by a death yak (11 damage)
             ... on level 6 of the Lair of Beasts.
             The game lasted 02:09:50 (26169 turns).

Arixos the Fighter (Demonspawn Gladiator)          Turns: 26169, Time: 02:09:50

Health: -7/139     AC: 26    Str: 26    XL:     13   Next: 95%
Magic:  19/19      EV:  2    Int: 10    God:    Dithmenos [*****.]
Gold:   960        SH:  5    Dex: 18    Spells: 18/24 levels left

rFire    + . .     SeeInvis +   j - +4 dagger (venom)
rCold    + . .     Gourm    +   G - +0 buckler
rNeg     + + +     Faith    .   (armour currently unavailable)
rPois    +         Spirit   .   (helmet currently unavailable)
rElec    +         Reflect  .   (cloak currently unavailable)
rCorr    +         Harm     .   (gloves currently unavailable)
MR       ++...     NoTele   +   (boots currently unavailable)
Stlth    +++++++++.             k - amulet of the gourmand
HPRegen  0.33/turn              u - ring of protection from magic
MPRegen  0.16/turn              L - ring of Keqoimya {Str+5 SInv}

@: mighty, tree-form, resistant, wreathed by umbra
A: frail 1, foul stench 1, low mp 1, magic resistance 1, nightstalker 2, rot
immunity, MP-powered wands
a: Shadow Step, Shadow Form, Renounce Religion


You were on level 6 of the Lair of Beasts.
You worshipped Dithmenos.
Dithmenos was extremely pleased with you.
You were very full.
You were a tree.
You visited 3 branches of the dungeon, and saw 16 of its levels.

You collected 960 gold pieces.

Inventory:

Hand Weapons
 b - the +10 battleaxe of Epuvugag {venom, *Drain rElec MR++ Int+4}
   (You took it off an orc priest on level 6 of the Dungeon)

   It poisons the flesh of those it strikes.
   It affects your intelligence (+4).
   It insulates you from electricity.
   It affects your resistance to hostile enchantments.
   It causes draining when unequipped.
 j - a +4 dagger of venom (weapon)
 B - a +1 dagger of electrocution
 P - a +4 double sword
 R - a +1 scimitar of flaming
 W - a +4 rapier
Missiles
 E - 94 poisoned darts
 H - 8 curare-tipped darts (quivered)
 T - 2 atropa-tipped darts
Armour
 d - the +0 ring mail of the Hunter (melded) {rC+ rCorr Str+3}
   (You found it on level 7 of the Dungeon)

   It affects your strength (+3).
   It protects you from cold.
   It provides partial protection from all sources of acid and corrosion.
 g - a +2 cloak (melded)
 v - a scarf of cloud immunity
 G - a +0 buckler (worn)
 J - a +0 pair of boots (melded)
 M - the +3 salamander hide armour {+Rage rF++}
   (You found it on level 9 of the Dungeon)

   It greatly protects you from fire.
   It lets you go berserk.
 V - a +0 pair of gloves (melded)
Jewellery
 k - an amulet of the gourmand (around neck)
 u - a ring of protection from magic (left branch)
 K - an uncursed ring of positive energy
 L - the ring of Keqoimya (right branch) {Str+5 SInv}
   (You found it on level 9 of the Dungeon)

   [ring of see invisible]

   It affects your strength (+5).
   It lets you see invisible.
 O - an uncursed ring of flight
 Q - an uncursed ring of protection from magic
Wands
 m - a wand of iceblast (34)
 p - a wand of random effects (10)
 S - a wand of enslavement (13)
Scrolls
 c - 5 scrolls of remove curse
 e - 7 scrolls of identify
 l - a scroll of immolation
 n - 3 scrolls of blinking
 q - 4 scrolls of teleportation
 w - 2 scrolls of fog
 x - 2 scrolls of magic mapping
 D - 3 scrolls of enchant armour
Potions
 i - 3 potions of lignification
 r - 2 potions of flight
 z - a potion of might
 F - 4 potions of brilliance
Miscellaneous
 y - a sack of spiders
 N - a phial of floods
Comestibles
 f - 34 rations


   Skills:
 + Level 10.3 Fighting
 + Level 7.8 Short Blades
   Level 2.6 Staves
 - Level 1.7 Throwing
 + Level 9.3 Armour
 + Level 9.7 Dodging
 + Level 8.6 Stealth
 - Level 4.0 Shields
 * Level 6.1 Spellcasting
 * Level 6.1 Transmutations
 * Level 6.2 Earth Magic


You had 18 spell levels left.
You knew the following spells:

 Your Spells              Type           Power        Failure   Level  Hunger
a - Petrify               Tmut/Erth      ###.....     16%         4    ####...
d - Passwall              Tmut/Erth      ###.....     2%          2    ##.....

Your spell library contained the following spells:

 Spells                   Type           Power        Failure   Level  Hunger
 Sandblast                Erth           ###...       1%          1    None
 Stone Arrow              Conj/Erth      #.....       17%         3    ###....
 Magic Dart               Conj           #...         21%         1    None
 Summon Small Mammal      Summ           #...         21%         1    None
 Call Imp                 Summ           #.......     30%         2    ##.....
 Searing Ray              Conj           #.....       30%         2    ##.....
 Lee's Rapid Deconstruct  Erth           ###.......   41%         5    ######.
 Call Canine Familiar     Summ           #.......     52%         3    ###....
 Dazzling Spray           Conj/Hex       #.....       52%         3    ###....
 Summon Guardian Golem    Hex/Summ       #.......     52%         3    ###....
 Yara's Violent Unravell  Hex/Tmut       #.........   85%         5    ######.
 Cause Fear               Hex            #.........   90%         4    ####...
 Force Lance              Conj/Tloc      #.......     90%         4    ####...
 Fulminant Prism          Conj/Hex       #.........   90%         4    ####...
 Iskenderun's Mystic Bla  Conj           #.......     90%         4    ####...
 Summon Ice Beast         Ice/Summ       #.......     90%         4    ####...
 Summon Lightning Spire   Summ/Air       #.......     90%         4    ####...
 Silence                  Hex/Air        #.........   99%         5    ######.
 Deflect Missiles         Chrm/Air       #.........   100%        6    #######
 Discord                  Hex            #.........   100%        8    #######


Dungeon Overview and Level Annotations

Branches:
Dungeon (9/15)             Temple (1/1) D:4            Lair (6/6) D:9
 Shoals (0/4) Lair:4        Snake (0/4) Lair:4        Slime (0/5) Lair:6
    Orc: D:9-12

Altars:
Ashenzari
Cheibriados
Dithmenos
Elyvilon
Fedhas
Gozag
Hepliaklqana
Kikubaaqudgha
Makhleb
Nemelex Xobeh
Okawaru
Qazlal
Ru
Sif Muna
Trog
Uskayaw
Vehumet
Wu Jian
Xom
Yredelemnul
Zin
The Shining One
Jiyva

Shops:
D:4 %

Annotations:
D:7 Harold
D:9 1 runed translucent door, scimitardk's ghost, novice MiBe
Lair:3 3 runed translucent doors, flestrin's ghost, journeyman DrCj


Innate Abilities, Weirdness & Mutations

((You have a pair of small antennae on your head.))
((You are partially covered in icy blue scales. (AC +2)))
You may emit foul miasma when damaged in melee.
You are significantly more attuned to the shadows.
You are immune to rotting.
You are frail. (-10% HP)
Your magical capacity is low. (-10% MP)
You are resistant to hostile enchantments. (MR+)
You expend magic power (3 MP) to strengthen your wands.


Message History

The death yak gores you but does no damage.
You hit the death yak.
The death yak looks as sick as possible!
The death yak is severely wounded.
The death yak gores you but does no damage.
You puncture the death yak!
The death yak looks as sick as possible!
The death yak is almost dead.
Your shadow hits the death yak but does no damage.
You block the death yak's attack.
You hit the death yak.
The death yak is almost dead.
The death yak is no longer moving slowly.
The death yak gores you!
* * * LOW HITPOINT WARNING * * *
You cannot blink because you are held in place by your roots.
You fail to use your ability.
The death yak gores you but does no damage.
The death yak gores you!
You die...

###.# ##.#
#######
#...#######.##
##?.##P###
#.#..#..P...##
#P....Y..##
####........P#
....†.#...##
######
#..........
.†..Y###...##
#P...#
#.†#.#.#...
..Y.##
##...####...##
###..##....
##..#
###...##Y...#
#.......#..
##..{
###..†♣..##
#........##
###.. ##.†Y##.P#
#.......... Y.
##..#######
##......... .#
#..## ###
#.......).
..###.## ###.##
#.........
......####....##
#.........
##P....##......#
#.........
###...#......#
#.........
##.....##..#
#####P....


You could see 2 death yaks.

Vanquished Creatures
  An entropy weaver (Lair:6)
  5 hydras
  Erica (Lair:2)
  2 catoblepae (Lair:6)
  A centaur warrior (D:9)
  3 death yaks (Lair:6)
  A queen ant (Lair:6)
  2 two-headed ogres (D:8)
  Urug (Lair:2)
  An unseen horror (D:9)
  Pikel (D:6)
  A manticore (Lair:6)
  4 elephants (Lair:4)
  4 black mambas
  15 spiny frogs
  A rime drake (Lair:6)
  3 komodo dragons
  A troll (D:9)
  3 hippogriffs
  12 blink frogs
  A snapping turtle (Lair:4)
  Sigmund (D:3)
  A shadow (D:9)
  A wyvern (Lair:4)
  Grum (D:9)
  44 yaks
  3 basilisks
  21 soldier ants (Lair:6)
  Menkaure (D:6)
  4 porcupines
  Duvessa (D:6)
  15 water moccasins
  4 orc warriors
  A sky beast (D:6)
  A slave (D:6)
  An ice beast (D:8)
  2 hornet zombies (D:9)
  11 ogres
  An eye of draining (D:9)
  5 centaurs
  19 wolves
  16 crocodiles
  2 big kobolds
  13 bullfrogs
  Dowan (D:5)
  6 killer bees (D:8)
  7 scorpions
  10 wights
  2 electric eels (Lair:4)
  3 crimson imps
  A bullfrog zombie (D:6)
  3 hounds
  2 quasits
  6 orc priests
  2 bullfrog skeletons
  7 jellies
  5 orc wizards
  Natasha (thrice) (D:2)
  Jessica (D:2)
  4 iguanas
  26 worker ants
  7 hell rats
  A killer bee zombie (D:8)
  A hound zombie (D:7)
  A hound skeleton (D:6)
  A howler monkey zombie (D:6)
  2 worker ant zombies
  8 adders
  4 gnolls (D:9)
  A shadow imp (D:6)
  7 oozes
  2 adder zombies
  2 worms
  3 dart slugs
  9 leopard geckos
  39 orcs
  2 ball pythons (D:3)
  6 bats
  9 giant cockroaches
  10 goblins
  8 hobgoblins
  5 jackals
  33 kobolds
  6 quokkas
  3 frilled lizards
  10 rats
  A butterfly (Lair:1)
503 creatures vanquished.

Vanquished Creatures (others)
  A bush (Lair:6)
  33 fungi
  23 plants
57 creatures vanquished.

Grand Total: 560 creatures vanquished

Notes
Turn   | Place    | Note
-------+----------+-------------------------------------------
     0 | D:1      | Arixos the Demonspawn Gladiator began the quest for the
                  | Orb.
     0 | D:1      | Reached XP level 1. HP: 16/16 MP: 1/1
    69 | D:1      | Found an iron altar of Okawaru.
   173 | D:1      | Gained mutation: You are immune to rotting. [demonic
                  | ancestry]
   173 | D:1      | Reached XP level 2. HP: 22/22 MP: 2/2
   516 | D:1      | Reached skill level 1 in Armour
   687 | D:1      | Reached XP level 3. HP: 28/28 MP: 3/3
  1282 | D:2      | Noticed Jessica
  1588 | D:2      | Reached skill level 3 in Fighting
  1588 | D:2      | Reached XP level 4. HP: 35/35 MP: 4/4
  1637 | D:2      | Killed Jessica
  1929 | D:2      | Noticed Natasha
  1935 | D:2      | Killed Natasha
  2036 | D:2      | Gained mutation: You have a pair of small antennae on your
                  | head. [demonic ancestry]
  2036 | D:2      | Reached XP level 5. HP: 39/41 MP: 5/5
  2088 | D:2      | Noticed Natasha
  2098 | D:2      | Killed Natasha
  2156 | D:2      | Noticed Natasha
  2164 | D:2      | Killed Natasha
  2255 | D:3      | Reached skill level 4 in Fighting
  2255 | D:3      | Reached XP level 6. HP: 36/48 MP: 6/6
  2425 | D:3      | Noticed Sigmund
  2444 | D:3      | Killed Sigmund
  3303 | D:3      | Gained mutation: You may emit foul miasma when damaged in
                  | melee. [demonic ancestry]
  3303 | D:3      | Reached XP level 7. HP: 31/55 MP: 7/7
  3537 | D:4      | Found a staircase to the Ecumenical Temple.
  3587 | Temple   | Entered the Ecumenical Temple
  3762 | D:4      | Found Bucan's Food Shoppe.
  3774 | D:4      | Reached skill level 5 in Fighting
  3774 | D:4      | Reached skill level 5 in Dodging
  4696 | D:5      | Entered Level 5 of the Dungeon
  4744 | D:5      | Found a hazy altar of Hepliaklqana.
  4898 | D:5      | Gained mutation: You are slightly more attuned to the
                  | shadows. [demonic ancestry]
  4898 | D:5      | Reached XP level 8. HP: 41/64 MP: 8/8
  5103 | Temple   | Became a worshipper of Dithmenos the Shadowed
  5149 | D:5      | Found a radiant altar of Vehumet.
  5493 | D:5      | Found an ornate altar of the Wu Jian Council.
  5523 | D:5      | Found a blossoming altar of Fedhas.
  5708 | D:6      | Noticed Duvessa
  5710 | D:6      | Noticed Dowan
  5742 | D:6      | Killed Duvessa
  5750 | D:6      | Reached skill level 1 in Short Blades
  5750 | D:6      | Reached skill level 1 in Stealth
  5755 | D:6      | Reached skill level 6 in Fighting
  5755 | D:6      | Reached skill level 5 in Armour
  5900 | D:5      | Killed Dowan
  6892 | D:6      | Found a glowing silver altar of Zin.
  7168 | D:6      | Reached XP level 9. HP: 13/71 MP: 9/9
  7454 | D:6      | Noticed Menkaure
  8379 | D:7      | Got a shimmering ring mail
  8393 | D:7      | Reached * piety under Dithmenos
  8394 | D:7      | Identified the +0 ring mail of the Hunter {rC+ rCorr Str+3}
                  | (You found it on level 7 of the Dungeon)
  8498 | D:7      | Noticed Harold
  8808 | D:6      | Killed Menkaure
  8994 | D:6      | Identified the +10 battleaxe of Epuvugag {venom, *Drain
                  | rElec MR++ Int+4}
  9073 | D:6      | Reached skill level 7 in Fighting
  9327 | D:6      | Noticed Pikel
  9362 | D:6      | Killed Pikel
  9444 | D:7      | Found a basalt altar of Yredelemnul.
  9447 | D:7      | Found a burning altar of Makhleb.
  9447 | D:7      | Found a bloodstained altar of Trog.
  9449 | D:7      | Found an opulent altar of Gozag.
  9449 | D:7      | Found a glowing golden altar of the Shining One.
  9449 | D:7      | Found a shimmering altar of Xom.
 10178 | D:8      | Found a shimmering altar of Xom.
 10369 | D:8      | Reached ** piety under Dithmenos
 10510 | D:8      | Noticed a two-headed ogre
 10534 | D:8      | Killed a two-headed ogre
 10534 | D:8      | Gained mutation: You are significantly more attuned to the
                  | shadows. [demonic ancestry]
 10534 | D:8      | Reached XP level 10. HP: 47/80 MP: 10/10
 10552 | D:8      | Reached skill level 5 in Stealth
 10936 | D:8      | Reached skill level 8 in Fighting
 11005 | D:8      | Reached skill level 5 in Short Blades
 11101 | D:8      | Found a shadowy altar of Dithmenos.
 11423 | D:8      | Noticed a two-headed ogre
 11446 | D:8      | Killed a two-headed ogre
 11602 | D:8      | Reached *** piety under Dithmenos
 11837 | D:9      | Noticed an eight-headed hydra
 11849 | D:9      | HP: 2/82 [eight-headed hydra (3)]
 11859 | D:9      | Killed an eight-headed hydra
 11859 | D:9      | Gained mutation: You are partially covered in icy blue
                  | scales. (AC +2) [demonic ancestry]
 11859 | D:9      | Reached XP level 11. HP: 51/87 MP: 11/11
 12064 | D:9      | Noticed Grum
 12248 | D:9      | Got a fine silver ring
 12250 | D:9      | Identified the ring of Keqoimya {Str+5 SInv} (You found it
                  | on level 9 of the Dungeon)
 12283 | D:9      | Got an ancient leather armour
 12284 | D:9      | Identified the +1 leather armour of Mihoqeih {Str+2} (You
                  | found it on level 9 of the Dungeon)
 12295 | D:9      | Noticed a centaur warrior
 12303 | D:9      | Killed a centaur warrior
 12324 | D:9      | Noticed an unseen horror
 12349 | D:9      | Killed an unseen horror
 12406 | D:9      | Reached skill level 9 in Fighting
 12516 | D:9      | Killed Grum
 12680 | D:9      | Found the +3 salamander hide armour {+Rage rF++}
 12780 | D:9      | Found a staircase to the Lair.
 12787 | D:9      | Found a sacrificial altar of Ru.
 12794 | D:9      | Found a burning altar of Makhleb.
 13229 | D:9      | Found a shattered altar of Ashenzari.
 13344 | D:9      | Reached **** piety under Dithmenos
 13924 | D:9      | Found a runed translucent door.
 13926 | D:9      | Noticed scimitardk's ghost (novice MiBe)
 13928 | D:9      | Found the +4 robe of Augmentation {Str+4 Int+4 Dex+4}
 14048 | Lair:1   | Entered Level 1 of the Lair of Beasts
 14056 | Lair:1   | Learned a level 4 spell: Petrify
 14177 | Lair:1   | Reached skill level 1 in Spellcasting
 14183 | Lair:1   | Reached skill level 1 in Transmutations
 14183 | Lair:1   | Reached skill level 1 in Earth Magic
 14927 | Lair:1   | Reached XP level 12. HP: 96/96 MP: 15/15
 15685 | Lair:2   | Noticed an eight-headed hydra
 15752 | Lair:2   | Noticed Urug
 15762 | Lair:2   | Killed Urug
 15762 | Lair:2   | Reached skill level 1 in Shields
 16452 | Lair:2   | Noticed Erica
 16471 | Lair:2   | Killed Erica
 16671 | Lair:2   | Killed a seven-headed hydra
 16770 | Lair:3   | Found a runed translucent gate.
 16771 | Lair:3   | Found a runed translucent gate.
 16771 | Lair:3   | Noticed flestrin's ghost (journeyman DrCj)
 16772 | Lair:3   | Found a runed translucent gate.
 16774 | Lair:3   | Noticed a 12-headed hydra
 17584 | Lair:3   | Noticed a six-headed hydra
 17589 | Lair:3   | Killed a six-headed hydra
 18482 | Lair:3   | Reached ***** piety under Dithmenos
 18847 | Lair:4   | Found a staircase to the Snake Pit.
 19329 | Lair:4   | Noticed an eight-headed hydra
 19340 | Lair:4   | Killed a six-headed hydra
 20258 | Lair:3   | Reached XP level 13. HP: 96/103 MP: 19/19
 21315 | Lair:4   | Found a staircase to the Shoals.
 22084 | Lair:5   | Reached skill level 10 in Fighting
 22094 | Lair:5   | Reached skill level 5 in Earth Magic
 22779 | Lair:6   | Entered Level 6 of the Lair of Beasts
 22816 | Lair:6   | Reached skill level 5 in Transmutations
 22956 | Lair:6   | Reached skill level 5 in Spellcasting
 23307 | Lair:5   | Gained mutation: You are frail. (-10% HP) [potion of
                  | mutation]
 23307 | Lair:5   | Gained mutation: Your magical capacity is low. (-10% MP)
                  | [potion of mutation]
 23307 | Lair:5   | Gained mutation: You are resistant to hostile enchantments.
                  | (MR+) [potion of mutation]
 23307 | Lair:5   | Gained mutation: You expend magic power (3 MP) to
                  | strengthen your wands. [potion of mutation]
 23393 | Lair:6   | Found a staircase to the Slime Pits.
 23518 | Lair:6   | Noticed an entropy weaver
 23640 | Lair:6   | Found a viscous altar of Jiyva.
 24034 | Lair:6   | Noticed an entropy weaver
 24106 | Lair:6   | Killed an entropy weaver
 25917 | Lair:6   | Learned a level 2 spell: Passwall
 26168 | Lair:6   | HP: 4/139 [death yak (17)]
 26169 | Lair:6   | Mangled by a death yak

Levels and vault maps discovered:
D:1:      dpeg_arrival_solitude, layout_basic, amethyst_killhole,
          roderic_lattice_a, corexii_leaking_fountain, minivault_5,
          minivault_26, okawaru_ov_weapons_minmay
D:2:      layout_rooms, minmay_cupped, uniq_natasha, uniq_jessica
D:3:      layout_basic, first_ration, serial_bayou_pond_e, uniq_sigmund
D:4:      layout_loops_corners, minmay_temple_entry_purple_smoke, serial_shops,
          shop
D:5:      kennysheep_kobold_camp, layout_rooms, overflow_temple_1_default,
          old_standard_altar, kennysheep_mini_moat, lemuel_crystal_altar
D:6:      layout_basic, basic_altar, uniq_pikel, uniq_menkaure, uniq_duvessa
D:7:      layout_layer_cave, grunt_temple_overflow_open, uniq_harold
D:8:      layout_basic, basic_altar, hangedman_little_slice_of_home,
          grunt_dithmenos_smoke_and_mirrors
D:9:      minmay_cut_squares, layout_basic, nicolae_ru_awakened_eye,
          ebering_ghost_inner_flame, basic_altar, evilmike_ruin_ashenzari,
          uniq_grum
Temple:   pf_slimified_temple
Lair:1:   layout_misc_corridors, lemuel_fruit_tree, lemuel_fruit_fields
Lair:2:   layout_misc_corridors, uniq_erica, uniq_urug
Lair:3:   layout_cave_pods, gammafunk_ghost_hydra_chop
Lair:4:   layout_loops_ring, minmay_shoals_entry_hut, dummy_snake_entry
Lair:5:   layout_regular_city, patterned_corridor
Lair:6:   evilmike_catoblepas_cave, layout_layer_cave, slime_altar_1,
          zaba_anthell

Skill      XL: |  1  2  3  4  5  6  7  8  9 10 11 12 13 |
---------------+----------------------------------------+-----
Dodging        | 3 4 5 6 7 8 9 |  9.7
Armour         | 1 2 3 4 5 6 7 8 9 |  9.3
Fighting       | 3 4 5 6 7 8 9 10 | 10.3
Short Blades   | 2 4 5 6 7 |  7.8
Stealth        | 2 4 6 7 8 |  8.6
Spellcasting   | 2 4 6 |  6.1
Transmutations | 2 4 6 |  6.1
Earth Magic    | 2 4 6 |  6.2
Shields        | 3 4 |  4.0
Staves         | |  2.6
Throwing       | |  1.7

Action                   |  1- 3 |  4- 6 |  7- 9 | 10-12 | 13-15 || total
-------------------------+-------+-------+-------+-------+-------++-------
Melee: Quarterstaff      |   143 |    16 |       |       |       ||   159
       Dagger            |       |   105 |   594 |  1118 |   806 ||  2623
       Unarmed           |       |       |    13 |       |       ||    13
       Scimitar          |       |       |       |     4 |     5 ||     9
Throw: Dart              |       |       |       |       |    12 ||    12
 Cast: Passwall          |       |       |       |       |     2 ||     2
Invok: Shadow Step       |       |       |       |     1 |       ||     1
  Use: Scroll            |     3 |     2 |     2 |    10 |     8 ||    25
       Potion            |       |     1 |     2 |    13 |    17 ||    33
 Stab: Sleeping          |     3 |       |     8 |    51 |    13 ||    75
       Distracted        |       |       |     2 |     5 |     5 ||    12
  Eat: Chunk             |    10 |     7 |    24 |    30 |    20 ||    91
Armor: Leather armour    |    48 |    30 |    67 |    59 |    41 ||   245
       Ring mail         |       |       |    35 |   110 |    38 ||   183
       Skin              |       |       |       |       |    19 ||    19
Dodge: Dodged            |    98 |    72 |   381 |   854 |   378 ||  1783
Block: Buckler           |       |       |       |       |    96 ||    96
       Rpst.: Scimitar   |       |       |       |     4 |     2 ||     6

Table legend:
 A = Non-vault XP
 B = Vault XP
 C = Vault XP percentage of total XP
 D = Non-vault monster count
 E = Vault monster count
 F = Vault count percentage of total count
                 A         B        C        D         E       F
            +---------+---------+-------+---------+---------+-------
      Total |   43241 |   20054 |  31.7 |     392 |     109 |  21.8
            +---------+---------+-------+---------+---------+-------
        D:1 |      48 |       0 |   0.0 |      24 |       0 |   0.0
        D:2 |     135 |      83 |  38.1 |      30 |       5 |  14.3
        D:3 |     278 |     227 |  45.0 |      27 |       1 |   3.6
        D:4 |     538 |       0 |   0.0 |      12 |       0 |   0.0
        D:5 |     253 |     215 |  45.9 |      10 |      22 |  68.8
        D:6 |    1638 |     962 |  37.0 |      38 |       3 |   7.3
        D:7 |     507 |       0 |   0.0 |      17 |       0 |   0.0
        D:8 |    4602 |     163 |   3.4 |      43 |       8 |  15.7
        D:9 |    3282 |    3812 |  53.7 |      48 |      12 |  20.0
     Lair:1 |    6008 |       0 |   0.0 |      27 |       0 |   0.0
     Lair:2 |    3593 |    1738 |  32.6 |      16 |       2 |  11.1
     Lair:3 |    4177 |       0 |   0.0 |      20 |       0 |   0.0
     Lair:4 |    8652 |     253 |   2.8 |      37 |       1 |   2.6
     Lair:5 |    4158 |       0 |   0.0 |      16 |       0 |   0.0
     Lair:6 |    5372 |   12601 |  70.1 |      27 |      55 |  67.1
            +---------+---------+-------+---------+---------+-------
